 Dungeon Crawl Stone Soup version 0.17-a0-1181-gabc46e6 (webtiles) character file.

1080 Gorice the Cleaver (level 8, 0/59 HPs)
             Began as a Vampire Wanderer on May 31, 2015.
             Was a Believer of Makhleb.
             Slain by a giant frog (2 damage)
             ... on level 6 of the Dungeon.
             The game lasted 00:37:09 (6555 turns).

Gorice the Cleaver (Vampire Wanderer)               Turns: 6555, Time: 00:37:09

Health: 0/59       AC: 10    Str: 14    XL:     8   Next: 8%
Magic:  8/8        EV:  8    Int: 12    God:    Makhleb [**....]
Gold:   390        SH:  0    Dex: 15    Spells: 0 memorised, 7 levels left

rFire  . . .     SeeInvis +     H - -3 arbalest (curse)
rCold  . . .     Clarity  .     q - +1 scale mail {rN+}
rNeg   + + .     SustAt   .     (no shield)
rPois  .         Gourm    .     z - +0 helmet
rElec  .         Spirit   .     k - +1 cloak
rCorr  +         Warding  .     (no gloves)
rMut   .         Stasis   .     (no boots)
MR     +....                    j - amulet of resist corrosion
Stlth  +.........               (no ring)
                                Y - ring of protection from magic

@: somewhat resistant to hostile enchantments, very unstealthy
A: fangs 3, see invisible, unbreathing
a: Bat Form, Minor Destruction, Renounce Religion


You were on level 6 of the Dungeon.
You worshipped Makhleb.
Makhleb was pleased with you.
You were not thirsty.

You visited 2 branches of the dungeon, and saw 7 of its levels.

You collected 390 gold pieces.

Inventory:

Hand weapons
 a - a +1 hand axe
 b - a +0 shortbow
 e - a +0 dagger
 n - a +2 mace
 s - a +0 hunting sling
 B - a +0 blowgun
 E - a +1 dagger of venom
   (You found it on level 5 of the Dungeon)
 H - a cursed -3 arbalest (weapon)
 I - a +3 short sword of distortion
   (You found it on level 6 of the Dungeon)
Missiles
 d - 4 bolts (quivered)
 h - 113 arrows
 i - 63 poisoned needles
 l - 12 sling bullets
 v - 15 sling bullets of flame
 y - 4 tomahawks
 Z - 204 stones
Armour
 g - a +0 ring mail
 k - a +1 cloak (worn)
 q - a +1 scale mail of positive energy (worn)
   (You took it off an orc on level 3 of the Dungeon)
 z - a +0 helmet (worn)
 C - a +2 leather armour of fire resistance
   (You took it off an orc on level 4 of the Dungeon)
Jewellery
 j - an amulet of resist corrosion (around neck)
 Y - a ring of protection from magic (left hand)
Magical devices
 t - a wand of paralysis (18)
 u - a wand of disintegration (8)
 G - a wand of confusion (15)
Scrolls
 m - 2 scrolls of teleportation {!r}
 p - 3 scrolls of magic mapping {!r}
 r - a scroll of enchant armour
 D - a scroll of noise {!r}
Potions
 c - 3 potions of lignification {!q}
 f - 19 potions of blood
 o - a potion of haste {!q}
 w - a potion of heal wounds {!q}
 x - a potion of curing
 A - a potion of mutation {!q}
 F - a potion of agility {!q}


   Skills:
 - Level 3.6 Fighting
 + Level 8.9(9.0) Axes
 - Level 1.0(5.1) Maces & Flails
 - Level 1.0 Armour
 - Level 3.0 Stealth


You had 7 spell levels left.
You didn't know any spells.

Dungeon Overview and Level Annotations

Branches:
Dungeon (6/15)             Temple (1/1) D:4

Altars:
Cheibriados
Dithmenos
Elyvilon
Fedhas
Gozag
Kikubaaqudgha
Makhleb
Nemelex Xobeh
Okawaru
Qazlal
Ru
Sif Muna
Vehumet
Yredelemnul
The Shining One

Shops:
D:6 =

Annotations:
D:3 vpuX: Yiuf's house and sif altar w 2 orc wiz, exclusions: door and 1 more exclusion
D:4 Hanyuu's ghost, average OpTm
D:5 vpUX: MiFi ghost!, Bull's ghost, average MiFi


Innate Abilities, Weirdness & Mutations

You have razor-sharp teeth.
You have supernaturally acute eyesight.
You can survive without breathing.


Message History

The giant frog barely misses you.
Firing (i - inventory. (,) - cycle):
d - 9 bolts (quivered)
Press: ? - help, Shift-Dir - straight line, f/p - giant frog
Aim: a giant frog (lightly wounded)
You shoot a bolt. The bolt barely misses the giant frog.
The bolt barely misses the giant frog.
The bolt hits the hobgoblin!
You kill the hobgoblin!
Makhleb accepts your kill. The giant frog hits you.
The giant frog hits you but does no damage.
The giant frog hits you.
Damage: 4 (max 7) Firing (i - inventory. (,) - cycle):
d - 8 bolts (quivered)
Press: ? - help, Shift-Dir - straight line, f/p - giant frog
Aim: a giant frog (lightly wounded)
You shoot a bolt. The bolt barely misses the giant frog.
The bolt hits the giant frog!
The giant frog is moderately wounded.
The giant frog barely misses you.
The giant frog hits you but does no damage.
The giant frog barely misses you.
Firing (i - inventory. (,) - cycle):
d - 7 bolts (quivered)
Press: ? - help, Shift-Dir - straight line, f/p - giant frog
Aim: a giant frog (lightly wounded)
You shoot a bolt. The bolt barely misses the giant frog.
The bolt hits the giant frog.
The giant frog is heavily wounded.
The giant frog hits you but does no damage.
The giant frog hits you.
* * * LOW HITPOINT WARNING * * *
Damage: 5 (max 7) Firing (i - inventory. (,) - cycle):
d - 6 bolts (quivered)
Press: ? - help, Shift-Dir - straight line, f/p - giant frog
Aim: a giant frog (lightly wounded)
You shoot a bolt. The bolt hits the giant frog!
The giant frog is heavily wounded.
The giant frog hits you but does no damage.
The giant frog hits you.
* * * LOW HITPOINT WARNING * * *
The giant frog hits you!
* * * LOW HITPOINT WARNING * * *
Damage: 8 (max 8) Firing (i - inventory. (,) - cycle):
d - 5 bolts (quivered)
Press: ? - help, Shift-Dir - straight line, f/p - giant frog
Aim: a giant frog (heavily wounded)
You shoot a bolt. The bolt closely misses the giant frog.
The bolt barely misses the giant frog.
The giant frog hits you.
* * * LOW HITPOINT WARNING * * *
The giant frog hits you.
You die...

#.[#.##.#
#..#.##.########.##
...................
#..####..##..###.#.##
#..####.............
......#.###......#.#
..)...#.###...##.#.##..#
......+................#
......#.####..##@#.# #
......#.####..##F#.# .#
##.###.........#F#.##..#
##.# #..###.....(.......
...###..# #....#.#..#..#
.#......# #....#.#g.#..#
.#.###..# #......(......
..)# #..###.(...(#..#..#
#..# #.............g(..#


You could see 2 giant frogs.

Vanquished Creatures
  An ogre (D:4)
  A centaur (D:5)
  A gnoll sergeant (D:6)
  A wyvern skeleton (D:6)
  2 scorpions
  A crimson imp (D:5)
  An orc priest (D:5)
  A giant frog skeleton (D:5)
  3 hounds (D:4)
  5 orc wizards
  3 worker ants
  2 hound skeletons (D:4)
  6 adders
  7 gnolls
  3 oozes
  8 worms
  6 giant geckos
  13 orcs
  A ball python (D:3)
  8 bats
  A bat zombie (D:5)
  5 giant cockroaches
  10 hobgoblins
  14 jackals
  10 kobolds
  2 giant gecko skeletons
  A giant newt (D:4)
  17 goblins
  5 quokkas
  A quokka skeleton (D:4)
  17 rats
  A rat zombie (D:5)
158 creatures vanquished.

Notes
Turn   | Place    | Note
--------------------------------------------------------------
     0 | D:1      | Gorice the Vampire Wanderer began the quest for the Orb.
     0 | D:1      | Gorice set off with: a +2 mace, a +0 hand axe, a potion of lignification {!q}, a +0 robe, a +0 dagger, a potion of blood
     0 | D:1      | Reached XP level 1. HP: 18/18 MP: 1/1
   122 | D:1      | Reached skill level 2 in Axes
   325 | D:1      | Reached XP level 2. HP: 24/24 MP: 2/2
   575 | D:1      | Reached skill level 3 in Axes
   822 | D:2      | Reached XP level 3. HP: 27/29 MP: 3/3
  1202 | D:2      | Found a stormy altar of Qazlal.
  1415 | D:2      | Reached XP level 4. HP: 31/36 MP: 4/4
  1689 | D:3      | Reached skill level 4 in Axes
  2156 | D:3      | Found a deep blue altar of Sif Muna.
  2892 | D:3      | Reached XP level 5. HP: 28/41 MP: 5/5
  3045 | D:3      | Reached skill level 5 in Axes
  3404 | D:4      | Reached XP level 6. HP: 40/47 MP: 6/6
  3666 | D:4      | Noticed an ogre
  3716 | D:4      | Killed an ogre
  3716 | D:4      | Reached skill level 6 in Axes
  3751 | D:4      | Noticed Hanyuu's ghost (average OpTm)
  3888 | D:4      | Found a staircase to the Ecumenical Temple.
  3897 | Temple   | Entered the Ecumenical Temple
  4007 | Temple   | Became a worshipper of Makhleb the Destroyer
  4352 | D:4      | HP: 14/47 [poisoned by a scorpion]
  4515 | D:4      | Reached skill level 7 in Axes
  4515 | D:4      | Reached XP level 7. HP: 43/52 MP: 7/7
  4703 | D:5      | Entered Level 5 of the Dungeon
  4703 | D:5      | Found a radiant altar of Vehumet.
  4743 | D:5      | HP: 9/52 [centaur (7)]
  5053 | D:5      | Found a snail-covered altar of Cheibriados.
  5089 | D:5      | Acquired Makhleb's first power
  5143 | D:5      | Found an ancient bone altar of Kikubaaqudgha.
  5455 | D:5      | Reached skill level 8 in Axes
  5653 | D:5      | Noticed Bull's ghost (average MiFi)
  5935 | D:6      | Found Cauff's Jewellery Shoppe.
  5948 | D:6      | Acquired Makhleb's second power
  6165 | D:6      | HP: 13/52 [gnoll sergeant/spear (7)]
  6171 | D:6      | Reached XP level 8. HP: 13/59 MP: 8/8
  6172 | D:6      | HP: 11/59 [gnoll (1)]
  6176 | D:6      | HP: 5/59 [gnoll/spear (3)]
  6553 | D:6      | HP: 16/59 [giant frog (5)]
  6555 | D:6      | HP: 2/59 [giant frog (6)]
  6555 | D:6      | Slain by a giant frog

Vault maps used:
D:1:      minmay_arrival_stone_box
D:2:      lemuel_crystal_altar, minivault_4, serial_bayou_lagoon_a
D:3:      grunt_decor_fettered, kennysheep_nondescript, led_sif_book,
          uniq_crazy_yiuf_cottage
D:4:      minmay_temple_entry_statues_pillars, first_bread
D:5:      cheibrodos_worm_habitat, lemuel_zombie_altar_kikubaaqudgha,
          basic_altar
D:6:      serial_shops, nicolae_shop_waterfront
Temple:   circular_temple_12

Action                   |  1- 3 |  4- 6 |  7- 9 || total
-------------------------+-------+-------+-------++-------
Melee: Mace              |   117 |       |       ||   117
       Hand axe          |       |   249 |   176 ||   425
       Arbalest          |       |       |     4 ||     4
 Fire: Blowgun           |       |     3 |     5 ||     8
       Shortbow          |       |       |    30 ||    30
       Arbalest          |       |       |    35 ||    35
Throw: Stone             |    11 |    20 |       ||    31
       Tomahawk          |       |     4 |     3 ||     7
Invok: Minor Destruction |       |       |     2 ||     2
Evoke: Wand              |       |       |     5 ||     5
  Use: Scroll            |     3 |     7 |     6 ||    16
       Potion            |     2 |    10 |     6 ||    18
 Stab: Sleeping          |     3 |       |     1 ||     4
       Confused          |       |       |     2 ||     2

Table legend:
 A = Turns spent in this place as a percentage of turns spent in the entire game.
 B = Non-inter-level travel turns spent in this place as a percentage of non-inter-level travel turns spent in the entire game.
 C = Inter-level travel turns spent in this place as a percentage of turns spent in this place.
 D = Turns resting spent in this place as a percentage of non-inter-level travel turns spent in this place.
 E = Turns spent auto-exploring this place as a percentage of non-inter-level travel turns spent in this place.
 F = Non-inter-level travel turns spent in this place divided by the number of levels of this place that you've seen.
                   A       B       C       D       E      F
               +-------+-------+-------+-------+-------+----------------------
         Total | 100.0 | 100.0 |   0.2 |   1.1 |   4.9 | 416.6
       Dungeon |  98.3 |  98.3 |   0.2 |   1.2 |   4.6 | 477.8
        Temple |   1.7 |   1.7 |   0.0 |   0.0 |  18.4 |  49.0
               +-------+-------+-------+-------+-------+----------------------

Vault maps used:
D:1:      minmay_arrival_stone_box
D:2:      lemuel_crystal_altar, minivault_4, serial_bayou_lagoon_a
D:3:      grunt_decor_fettered, kennysheep_nondescript, led_sif_book,
          uniq_crazy_yiuf_cottage
D:4:      minmay_temple_entry_statues_pillars, first_bread
D:5:      cheibrodos_worm_habitat, lemuel_zombie_altar_kikubaaqudgha,
          basic_altar
D:6:      serial_shops, nicolae_shop_waterfront
Temple:   circular_temple_12
